Map: Magannatha LE

Players

ManlyManMeat - Winner!

  • Race: Terran Terran
  • League: Master
  • Spawn Location: 11:00

VOD

Have the link to the VOD?

Description

Time

  • Played on: May 19, 2025, 5:40 p.m.
  • Length: 4:04
Show
View Real Time Build Order
Export as new Build Order

ManlyManMeat Terran - Winner!

Build Orders: Reaper Expand 

Get SALT Encoding   

  12  0:03  SCV  
  12  0:15  SCV  
  12  0:18  Supply Depot  
  12  0:27  SCV  
  12  0:40  SCV  
  12  0:43  Barracks  
  12  0:47  Refinery  
  12  0:53  SCV  
  12  1:05  SCV  
  12  1:17  SCV  
  12  1:31  Orbital Command, Reaper  
  12  1:41  Command Center  
  12  1:52  Supply Depot  
  12  1:57  SCV  
  12  2:04  Marine  
  12  2:09  SCV  
  12  2:16  Factory  
  12  2:22  SCV  
  12  2:25  Barracks Reactor  
  12  2:38  Command Center  
  12  2:44  SCV  
  12  2:53  Orbital Command  
  12  2:56  SCV  
  12  3:12  Barracks  
  12  3:15  Hellion x2  
  12  3:17  Barracks Tech Lab  
  12  3:19  SCV  
  12  3:20  SCV  
  12  3:38  Marine  
  12  3:40  Hellion x2  
Tags
 
Add a new tag
Caveats
  • Supply blocks, unpowered buildings, or Contaminate may cause inaccurate times.
  • Supply counts are checked every 10 seconds.